 Dungeon Crawl Stone Soup version 0.25-a0-35-g747a2b3c0c (webtiles) character file.

Game seed: 3833633092527217660, levelgen mode: deterministic

409 Esekla the Magician (level 6, -9/32 HPs)
             Began as a Deep Elf Wizard on Oct 19, 2019.
             Mangled by a sickly merfolk siren
             ... wielding a +0 spear
              (15 damage)
             ... in a sewer.
             The game lasted 00:44:32 (5102 turns).

Esekla the Magician (Deep Elf Wizard)               Turns: 5102, Time: 00:44:33

Health: -9/32      AC:  3    Str: 11    XL:     6   Next: 58%
Magic:  14/17      EV: 13    Int: 23    God:
Gold:   276        SH:  0    Dex: 13    Spells: 8/17 levels left

rFire    . . .     SeeInvis .   p - +3 short sword (vamp)
rCold    . . .     Gourm    .   (no shield)
rNeg     . . .     Faith    +   a - +0 robe
rPois    .         Spirit   .   b - +0 hat
rElec    .         Reflect  .   r - +0 cloak
rCorr    .         Harm     .   (no gloves)
MR       .....                  (no boots)
Stlth    ++........             c - amulet of faith
HPRegen  0.10/turn              g - +5 ring of strength
MPRegen  0.15/turn              s - ring of wizardry

@: flying
A: no striking features
a: no special abilities


You were in a sewer.
You were hungry.

You visited 2 branches of the dungeon, and saw 5 of its levels.
You also visited: Sewer.

You collected 276 gold pieces.

Inventory:

Hand Weapons
 j - a +0 spear
 p - a +3 vampiric short sword (weapon)
Missiles
 n - 4 boomerangs (quivered)
 v - 5 atropa-tipped darts
Armour
 a - a +0 robe (worn)
 b - a +0 hat (worn)
 r - a +0 cloak (worn)
Jewellery
 c - an amulet of faith (around neck)
 g - a +5 ring of strength (left hand)
 s - a ring of wizardry (right hand)
Scrolls
 f - 3 scrolls of identify
 h - 2 scrolls of enchant weapon
 k - a scroll of amnesia
 l - 3 scrolls of teleportation
 t - a scroll of fear
 u - a scroll of remove curse
Potions
 e - a potion of brilliance
 i - 6 potions of flight
 m - a potion of mutation
 o - a potion of magic
 q - 2 potions of curing
Comestibles
 d - 5 rations


   Skills:
 + Level 1.2 Short Blades
 + Level 3.1 Dodging
 - Level 3.6 Stealth
 + Level 6.1 Spellcasting
 * Level 3.2 Conjurations
   Level 1.1 Summonings
 * Level 2.9 Translocations
 * Level 2.1 Air Magic
 * Level 1.9 Poison Magic


You had 8 spell levels left.
You knew the following spells:

 Your Spells              Type           Power        Failure   Level  Hunger
a - Magic Dart            Conj           ###.         1%          1    None
b - Blink                 Tloc           N/A          1%          2    None
c - Mephitic Cloud        Conj/Pois/Air  ###.....     4%          3    #......
f - Conjure Flame         Conj/Fire      ##......     5%          3    #......

Your spell library contained the following spells:

 Spells                   Type           Power        Failure   Level  Hunger
 Call Imp                 Summ           ##......     3%          2    None
 Slow                     Hex            #.......     5%          2    None


Dungeon Overview and Level Annotations

Branches:
Dungeon (4/15)             Temple (1/1) D:4           Sewer (1/1)

Altars:
Ashenzari
Cheibriados
Dithmenos
Fedhas
Gozag
Hepliaklqana
Kikubaaqudgha
Nemelex Xobeh
Okawaru
Qazlal
Trog
Uskayaw
Wu Jian
Xom
Yredelemnul
Zin
The Shining One


Message History

You closely miss the sickly merfolk siren.
The sickly merfolk siren is lightly wounded.
The sickly merfolk siren is engulfed in noxious fumes.
The sickly merfolk siren appears confused.
The sickly merfolk siren hits you with a +0 spear.
You strike the helpless sickly merfolk siren from behind!
You hit the sickly merfolk siren.
You feel better.
The sickly merfolk siren is heavily wounded.
The sickly merfolk siren is engulfed in noxious fumes.
The sickly merfolk siren appears confused.
You hit the sickly merfolk siren but do no damage.
The sickly merfolk siren is heavily wounded.
The sickly merfolk siren hits you with a +0 spear!
* * * LOW HITPOINT WARNING * * *
Okay, then.
You barely miss the sickly merfolk siren.
The sickly merfolk siren is heavily wounded.
The sickly merfolk siren says, "I'm a little confused."
The sickly merfolk siren hits you with a +0 spear!
You die...

#############
#≈≈≈≈≈≈@m≈≈≈#
#≈########### #≈≈####
#≈≈≈..## ####
##≈≈≈≈.####..###########
#..≈≈≈.≈≈..≈..≈≈≈≈≈≈≈≈≈
#...≈≈≈≈≈≈≈≈≈≈≈≈≈≈≈####
#.####################
#.##..†........≈≈≈≈∩∩#


You could see a sickly merfolk siren (confused).

Vanquished Creatures
  2 orc wizards (D:4)
  Jessica (D:3)
  A worker ant (D:4)
  A merfolk siren (Sewer)
  A merfolk avatar (Sewer)
  2 gnolls (D:1)
  A river rat (Sewer)
  10 adders
  2 oozes (D:1)
  3 worms
  A dart slug (D:2)
  6 leopard geckos
  6 orcs
  2 ball pythons
  12 giant cockroaches
  8 goblins
  12 hobgoblins
  A quokka (D:2)
  7 bats
  8 frilled lizards
  9 kobolds
  31 rats
127 creatures vanquished.

Notes
Turn   | Place    | Note
-------+----------+-------------------------------------------
     0 | D:1      | Esekla the Deep Elf Wizard began the quest for the Orb.
     0 | D:1      | Reached XP level 1. HP: 10/10 MP: 7/7
   272 | D:1      | Reached skill level 5 in Spellcasting
   272 | D:1      | Reached XP level 2. HP: 12/15 MP: 6/10
   276 | D:1      | Learned a level 2 spell: Blink
   368 | D:1      | You fall into a shaft and drop 1 floor!
   549 | D:2      | Reached XP level 3. HP: 19/19 MP: 3/11
   554 | D:2      | Learned a level 3 spell: Mephitic Cloud
   558 | D:2      | Learned a level 3 spell: Conjure Flame
  1704 | D:1      | Reached XP level 4. HP: 14/24 MP: 8/13
  2011 | D:2      | Reached skill level 1 in Poison Magic
  2081 | D:2      | Found a sparkling altar of Nemelex Xobeh.
  2645 | D:2      | Reached skill level 1 in Air Magic
  3085 | D:3      | Reached XP level 5. HP: 27/28 MP: 5/15
  3102 | D:3      | Found a basalt altar of Yredelemnul.
  3129 | D:3      | Noticed Jessica
  3155 | D:3      | Killed Jessica
  3155 | D:3      | Reached skill level 1 in Short Blades
  3195 | D:3      | Found a faded altar of an unknown god.
  3712 | D:4      | Found a staircase to the Ecumenical Temple.
  3737 | Temple   | Entered the Ecumenical Temple
  3964 | D:4      | Found a glowing drain.
  4008 | D:4      | Reached XP level 6. HP: 15/32 MP: 0/16
  4035 | Sewer    | Entered a sewer
  4443 | Sewer    | Reached skill level 6 in Spellcasting
  5102 | Sewer    | Mangled by a sickly merfolk siren

Levels and vault maps discovered:
D:1:      erik_arrival_gehennom, layout_basic, skrybe_limestone_x
D:2:      layout_basic, nemelex_xobeh_ov_fountains_minmay, first_ration,
          st_stairs_12, chequers_hall_statues_wall_a, chequers_jeans
D:3:      layout_basic, nicolae_overflow_hidden_temple,
          chequers_ecumenical_altar_lobes, minmay_distorted, uniq_jessica
D:4:      layout_rooms, minmay_temple_entry_slanted, serial_curves,
          eino_curves_03, eino_curves_02, portal_sewer_entry_f, serial_shops,
          shop
Temple:   regret_index_temple_generic_petals
Sewer:    sewer_sea

Skill      XL: |  1  2  3  4  5  6 |
---------------+-------------------+-----
Spellcasting   | 5 6 |  6.1
Translocations | 2 |  2.9
Poison Magic   | 1 |  1.9
Air Magic      | 1 2 |  2.1
Short Blades   | 1 |  1.2
Stealth        | 3 |  3.6
Conjurations   | 2 3 |  3.2
Dodging        | 3 |  3.1
Summonings     | |  1.1

Action                   |  1- 3 |  4- 6 || total
-------------------------+-------+-------++-------
Melee: Dagger            |    22 |     3 ||    25
       Spear             |     4 |    29 ||    33
       Short sword       |       |   111 ||   111
Throw: Boomerang         |     1 |     3 ||     4
 Cast: Magic Dart        |    74 |   146 ||   220
       Blink             |     3 |     3 ||     6
       Conjure Flame     |     1 |     5 ||     6
       Mephitic Cloud    |       |    11 ||    11
  Use: Scroll            |       |     9 ||     9
       Potion            |       |     1 ||     1
 Stab: Sleeping          |     7 |     5 ||    12
       Confused          |       |     4 ||     4
  Eat: Chunk             |     2 |     4 ||     6
       Ration            |       |     2 ||     2
Armor: Robe              |     5 |    17 ||    22
Dodge: Dodged            |    30 |    90 ||   120

Table legend:
 A = Non-vault XP
 B = Vault XP
 C = Vault XP percentage of total XP
 D = Non-vault monster count
 E = Vault monster count
 F = Vault count percentage of total count
                 A         B        C        D         E       F
            +---------+---------+-------+---------+---------+-------
      Total |     329 |     256 |  43.8 |      72 |      55 |  43.3
            +---------+---------+-------+---------+---------+-------
        D:1 |      47 |      18 |  27.7 |      13 |       5 |  27.8
        D:2 |      90 |       3 |   3.2 |      32 |       2 |   5.9
        D:3 |      51 |      48 |  48.5 |      20 |       5 |  20.0
        D:4 |     141 |      12 |   7.8 |       7 |       5 |  41.7
      Sewer |       0 |     175 | 100.0 |       0 |      38 | 100.0
            +---------+---------+-------+---------+---------+-------
